Selects Panzerjäger Kommand Battlegroup
Construct Light Support Kompanie
Selects GrB 39 Grenade Launcher Requisition
le.IG 18 Mechanized Group
Construct Panzerarmee Kommand
Walking Stuka Rocket Launcher
Selects Butterfly Bomb Drop
Flak 36 Anti-tank Gun Team
Walking Stuka Rocket Launcher
Selects Crew Shock Tactics
Construct Mechanized Kompanie
Selects Anti-tank Overwatch
Walking Stuka Rocket Launcher
Walking Stuka Rocket Launcher